 Dungeon Crawl Stone Soup version 0.27-a0-1245-g940ed4fa31 (webtiles) character file.

Game seed: 10579031614364057783

42 deletemesenpai the Shield-Bearer (level 3, -2/33 HPs)
             Began as a Hill Orc Fighter on June 9, 2021.
             Slain by Edmund
             ... wielding a +2 vorpal flail
              (6 damage)
             ... on level 5 of the Dungeon.
             The game lasted 00:08:12 (1770 turns).

deletemesenpai the Shield-Bearer (Hill Orc Fighter) Turns: 1770, Time: 00:08:12

Health: -2/33      AC:  9    Str: 18    XL:     3   Next: 54%
Magic:  3/3        EV:  5    Int:  8    God:
Gold:   66         SH:  9    Dex: 11    Spells: 2/2 levels left

rFire    . . .     SeeInvis .   a - +0 war axe
rCold    . . .     Faith    .   c - +0 kite shield
rNeg     . . .     Spirit   .   v - +0 chain mail
rPois    .         Reflect  .   (no helmet)
rElec    .         Harm     .   (no cloak)
rCorr    .         Rampage  .   (no gloves)
Will     .....                  (no boots)
Stlth    ..........             (no amulet)
HPRegen  0.11/turn              o - ring of wizardry
MPRegen  0.08/turn              (no ring)

@: mighty, lit by a corona, weak-willed, glowing, invisible (but backlit and
visible)
A: no striking features
a: no special abilities


You were on level 5 of the Dungeon.
You visited 1 branch of the dungeon, and saw 5 of its levels.

You collected 66 gold pieces.

Inventory:

Hand Weapons
 a - a +0 war axe (weapon)
 r - a +2 scythe of venom
Missiles
 g - a throwing net
 q - 7 poisoned darts (quivered)
Armour
 c - a +0 kite shield (worn)
 v - a +0 chain mail (worn)
Jewellery
 o - a ring of wizardry (left hand)
Scrolls
 h - a scroll of vulnerability
 t - a scroll of holy word
 u - a scroll of noise {unknown}
Potions
 e - 2 potions of heal wounds {unknown}
 i - a potion of invisibility
 j - 2 potions of curing {unknown}
 k - a potion of mutation {unknown}
 l - a potion of haste {unknown}
 p - 4 potions of degeneration {unknown}
 s - a potion of lignification {unknown}


   Skills:
 * Level 3.9 Fighting
 + Level 3.5 Axes
 + Level 3.6 Armour
 + Level 4.0 Shields


You had 2 spell levels left.
You didn't know any spells.
Your spell library contained the following spells:

 Spells                   Type           Power      Damage    Failure   Level
 Foxfire                  Conj/Fire      0%         2x1d4     100%        1
 Magic Dart               Conj           0%         1d3       100%        1
 Blink                    Tloc           N/A        N/A       100%        2
 Call Imp                 Summ           0%         N/A       100%        2
 Slow                     Hex            0%         N/A       100%        2
 Conjure Flame            Conj/Fire      0%         6-21      100%        3
 Inner Flame              Hex/Fire       0%         N/A       100%        3
 Mephitic Cloud           Conj/Pois/Air  0%         N/A       100%        3
 Sticky Flame             Conj/Fire      0%         2d3       100%        4
 Fireball                 Conj/Fire      0%         3d3       100%        5


Dungeon Overview and Level Annotations

Branches:
Dungeon (6/15)
 Temple: D:4-7

Altars:
Uskayaw

Annotations:
D:5 Dowan, Duvessa, Edmund, Menkaure


Message History

Found a stone staircase leading up.
You slash the centaur skeleton!
The centaur skeleton is heavily damaged.
You closely miss Edmund. The centaur skeleton hits you.
The centaur skeleton kicks you. You block Edmund's attack.
The centaur skeleton hits you but does no damage.
The centaur skeleton kicks you but does no damage.
As you read the scroll labelled BAUKHA BOAJE, it crumbles to dust.
It is a scroll of identify.
t - a scroll of holy word The centaur skeleton hits you but does no damage.
You block the centaur skeleton's attack.
Edmund hits you with a +2 vorpal flail.
You slash the centaur skeleton!
The centaur skeleton is almost destroyed.
You hit Edmund.
The centaur skeleton hits you but does no damage.
The centaur skeleton kicks you but does no damage.
Edmund hits you but does no damage. The centaur skeleton barely misses you.
The centaur skeleton kicks you but does no damage.
You block Edmund's attack.
You hit the centaur skeleton.
The centaur skeleton is almost destroyed.
Your chain mail prevents you from hitting Edmund.
The centaur skeleton hits you.
The centaur skeleton kicks you but does no damage.
You block Edmund's attack.
Okay, then.
You feel very mighty all of a sudden. Edmund closely misses you.
The iguana bites you but does no damage.
You slash the iguana!
The iguana is heavily wounded.
You hit Edmund. Edmund hits you but does no damage. The iguana bites you!
* * * LOW HITPOINT WARNING * * *
You block Edmund's attack.
It was a potion of invisibility.
You become transparent, but the glow from your corona prevents you from becoming completely invisible.
You block the iguana's attack. Edmund hits you with a +2 vorpal flail.
You die...

##..#.###
##.#.#####
#Y.......
##.#.##### #e...#
# #.#.### ..#
..##.## #....
#..##.YY####......
....
#.#ee@@lZ....< ...
#..[####...$.. ##
##### #.... ..# #


You could see Edmund, Duvessa (fast), 2 ice beasts, Dowan, an iguana and a
centaur skeleton.

Vanquished Creatures
  A worm (D:2)
  A dart slug (D:1)
  An orc (D:5)
  3 bats
  An endoplasm (D:1)
  A giant cockroach (D:2)
  3 hobgoblins
  5 jackals (D:1)
  A quokka (D:1)
  5 ball pythons
  3 frilled lizards
  3 goblins
  3 kobolds
  4 rats
35 creatures vanquished.

Vanquished Creatures (others)
  A fungus (D:2)
  4 plants (D:2)
5 creatures vanquished.

Grand Total: 40 creatures vanquished

Notes
Turn   | Place    | Note
-------+----------+-------------------------------------------
     0 | D:1      | deletemesenpai the Hill Orc Fighter began the quest for the
                  | Orb.
     0 | D:1      | Reached XP level 1. HP: 19/19 MP: 1/1
   241 | D:1      | Reached XP level 2. HP: 27/27 MP: 2/2
   868 | D:1      | Reached XP level 3. HP: 32/33 MP: 3/3
   934 | D:2      | Reached skill level 4 in Shields
  1227 | D:2      | Found a faded altar of an unknown god.
  1289 | D:2      | You fall into a shaft and drop 1 floor!
  1673 | D:3      | You fall into a shaft and drop 3 floors!
  1704 | D:6      | Noticed an ice beast
  1725 | D:5      | Entered Level 5 of the Dungeon
  1725 | D:5      | Noticed a +0 falchion
  1726 | D:5      | Noticed a +0 short sword
  1726 | D:5      | Noticed a +0 dagger
  1727 | D:5      | Noticed a +0 short sword
  1727 | D:5      | Noticed a +0 spear
  1728 | D:5      | Noticed a +0 spear
  1728 | D:5      | Noticed a +0 dagger
  1729 | D:5      | Noticed a +0 falchion
  1730 | D:5      | Found a hide-covered altar of Uskayaw.
  1750 | D:5      | Noticed Dowan
  1750 | D:5      | Noticed Duvessa
  1751 | D:5      | Noticed Edmund
  1752 | D:5      | Noticed an ice beast
  1752 | D:5      | Noticed Menkaure
  1770 | D:5      | Slain by Edmund

Illustrated notes

Levels and vault maps discovered:
D:1:      saegor_arrival_simple_c, layout_basic
D:2:      layout_rooms, shapermc_ecumenical_altar_mp_urbaneastern
D:3:      layout_rooms, amcnicky_altar_gilded, uniq_crazy_yiuf_cottage
D:5:      layout_loops_ring, nicolae_uskayaw_en_pointe,
          grunt_temple_overflow_open, minmay_temple_entry_poolview,
          minmay_ogre_servants, uniq_edmund, uniq_duvessa, uniq_menkaure
D:6:      layout_basic, nicolae_overflow_crystal_walls, cheibrodos_worm_habitat,
          serial_bayou_pond_b, uniq_blork_the_orc, uniq_prince_ribbit1

Skill      XL: |  1  2  3 |
---------------+----------+-----
Axes           | 3 |  3.5
Shields        | 4 |  4.0
Fighting       | |  3.9
Armour         | |  3.6

Action                   || total
-------------------------++-------
Melee: War axe           ||   124
  Use: Scroll            ||     4
       Potion            ||     2
Armor: Scale mail        ||    64
       Chain mail        ||    16
Dodge: Dodged            ||    59
Block: Kite shield       ||    79

Table legend: (Time is in decaauts)
 A = Elapsed time spent in this place.
 B = Non-inter-level travel time spent in this place.
 C = Inter-level travel time spent in this place.
 D = Time resting spent in this place.
 E = Time spent auto-exploring this place.
 F = Levels seen in this place.
 G = Mean time per level.
                   A        B        C        D        E       F      G
               +--------+--------+--------+--------+--------+-----+--------+
         Total |   1840 |   1840 |      0 |    196 |    868 |   5 |  368.0 |
       Dungeon |   1840 |   1840 |      0 |    196 |    868 |   5 |  368.0 |
               +--------+--------+--------+--------+--------+-----+--------+

Top non-repeatable levels by time:
     D:1: 975 daAuts
     D:2: 619 daAuts
     D:3: 146 daAuts
     D:6: 51 daAuts
     D:5: 47 daAuts
